 Dungeon Crawl Stone Soup version 0.31.0-10-gcf4a605ca0 (webtiles) character file.

Game seed: 13956458342509333133

192633 zenocrate the Unseen (level 18, -10/139 HPs)
             Began as a Vine Stalker Enchanter on Jan 26, 2024.
             Was an Initiate of Gozag.
             Mangled by a merfolk impaler
             ... wielding a +2 trident of protection
              (12 damage)
             ... on level 4 of the Shoals.
             The game lasted 00:59:05 (32565 turns).

zenocrate the Unseen (Vine Stalker Enchanter)      Turns: 32565, Time: 00:59:06

Health: -10/139    AC: 21    Str: 13    XL:     18   Next: 69%
Magic:  0/24       EV: 20    Int: 15    God:    Gozag
Gold:   1592       SH:  0    Dex: 21    Spells: 5/24 levels left

rFire   + . .        b - +8 rapier (elec)
rCold   + . .        A - orb {guile}
rNeg    + . .        M - +2 swamp dragon scales
rPois   +            N - -2 hat of the Alchemist {rElec rPois rF+ rC+ rN+ Will+ rMut rCorr}
rElec   +            j - +2 cloak {rPois}
rCorr   +            m - +2 pair of gloves {Stlth+}
SInv    .            y - +2 pair of boots {rampage}
Will    +....        q - amulet of the acrobat Stlth
                     o - ring of flight
HPRegen 1.23/turn    z - +4 ring of protection
MPRegen 0.19/turn

%: acrobat, resist mutation, guardian spirit, rampage
@: berserking, lethally poisoned (-10 -> -10), gold aura, flying, glowing, very
quick
A: fangs 3, regeneration 1, magic shield, antimagic bite, no potion heal 2,
sturdy frame 1
a: Renounce Religion, Potion Petition, Call Merchant, Bribe Branch


You were on level 4 of the Shoals.
You worshipped Gozag.
Gozag was most pleased with you.
You visited 7 branches of the dungeon, and saw 29 of its levels.

You collected 10554 gold pieces.
You spent 5957 gold pieces at shops.
You paid 3005 gold pieces to Gozag.

Inventory:

Hand Weapons
 a - the +7 rapier "Ompedyro" {venom, rPois rN+}
   (You bought it in a shop on level 5 of the Dungeon)

   rPois:     It protects you from poison rN+: It protects you from negative
   energy.
 b - a +8 rapier of electrocution (weapon)
Missiles
 f - 40 boomerangs
 E - 6 silver javelins
 P - 15 javelins
 U - 9 throwing nets
Armour
 j - a +2 cloak of poison resistance (worn)
 m - a +2 pair of gloves of stealth (worn)
 y - a +2 pair of boots of rampaging (worn)
 A - an orb of guile (worn)
 M - +2 swamp dragon scales (worn)
 N - the -2 hat of the Alchemist (worn) {rElec rPois rF+ rC+ rN+ Will+ rMut rCorr}
   (You bought it in a shop on level 3 of the Dungeon)

   rF+:       It protects you from fire.
   rC+:       It protects you from cold.
   rElec:     It insulates you from electricity.
   rPois:     It protects you from poison rN+: It protects you from negative
   energy.
   Will+:     It increases your willpower.
   rCorr:     It protects you from acid and corrosion.
   rMut:      It protects you from mutation.
Jewellery
 o - a ring of flight (left hand)
 q - an amulet of the acrobat (around neck)
 u - a +6 ring of intelligence
 w - a ring of fire
 z - a +4 ring of protection (right hand)
 C - a ring of positive energy
 H - a ring of protection from fire
Wands
 I - a wand of flame (24)
 K - a wand of mindburst (27)
 S - a wand of acid (11)
 T - a wand of digging (5)
 Z - a wand of iceblast (3)
Scrolls
 h - 6 scrolls of teleportation
 k - 7 scrolls of poison
 l - 3 scrolls of fog
 n - 3 scrolls of vulnerability
 p - 2 scrolls of silence
 r - 3 scrolls of revelation
 v - a scroll of enchant armour
 F - 2 scrolls of butterflies
 R - 4 scrolls of identify
 V - a scroll of fear
 X - 4 scrolls of blinking
Potions
 c - 5 potions of invisibility
 d - 4 potions of ambrosia
 e - 8 potions of curing
 g - 2 potions of enlightenment
 s - 2 potions of resistance
 x - 6 potions of brilliance
 B - 2 potions of magic
 G - 2 potions of haste
 J - a potion of might
 L - 2 potions of berserk rage
 O - 5 potions of attraction
 Q - 4 potions of cancellation
Miscellaneous
 i - a phantom mirror
 t - a lightning rod (4/4)
 Y - a sack of spiders


   Skills:
 + Level 10.1 Fighting
 + Level 14.8 Short Blades
 + Level 4.2 Armour
 + Level 12.8 Dodging
 + Level 19.1 Stealth
 + Level 3.6 Spellcasting
 + Level 15.1 Hexes
 + Level 2.8 Translocations
 - Level 4.5 Ice Magic
 + Level 6.8 Evocations


You had 5 spell levels left.
You knew the following spells:

 Your Spells              Type           Power      Damage    Failure   Level
a - Ensorcelled Hibernat  Hex/Ice        64%        N/A       1%          2
b - Confusing Touch       Hex            48%        N/A       1%          3
c - Tukima's Dance        Hex            48%        N/A       1%          3
d - Dazzling Flash        Conj/Hex       50%        N/A       3%          3
e - Passage of Golubria   Tloc           11%        N/A       63%         4
m - Apportation           Tloc           22%        N/A       9%          1
y - Swiftness             Air            2%         N/A       61%         3

Your spell library contained the following spells:

 Spells                   Type           Power      Damage    Failure   Level
 Jinxbite                 Hex            96%        N/A       1%          2
 Ozocubu's Armour         Ice            16%        N/A       12%         3
 Necrotise                Necr           8%         1d4       26%         1
 Shock                    Conj/Air       8%         1d3       26%         1
 Sting                    Conj/Alch      8%         1d3       26%         1
 Summon Small Mammal      Summ           8%         N/A       26%         1
 Hailstorm                Conj/Ice       9%         3d6       30%         3
 Summon Ice Beast         Ice/Summ       9%         N/A       30%         3
 Silence                  Hex/Air        12%        N/A       32%         5
 Scorch                   Fire           4%         2d5       36%         2
 Static Discharge         Conj/Air       4%         3-4/arc   36%         2
 Volatile Blastmotes      Fire/Tloc      14%        2d11      41%         3
 Passwall                 Erth           2%         N/A       61%         3
 Iskenderun's Mystic Bla  Conj/Tloc      7%         2d4       82%         4
 Airstrike                Air            1%         2d(1-17)  95%         4
 Dispel Undead            Necr           2%         3d7       95%         4
 Flame Wave               Conj/Fire      2%         2d4       95%         4
 Fulminant Prism          Conj/Alch      1%         3d5       95%         4
 Leda's Liquefaction      Alch/Erth      1%         N/A       95%         4
 Summon Lightning Spire   Summ/Air       2%         N/A       95%         4
 Alistair's Intoxication  Alch           1%         N/A       100%        5
 Summon Cactus Giant      Summ           1%         N/A       100%        6
 Malign Gateway           Summ/Tloc      3%         N/A       100%        7
 Lehudib's Crystal Spear  Conj/Erth      1%         10d2      100%        8
 Summon Horrible Things   Summ           1%         N/A       100%        8
 Shatter                  Erth           1%         3d5*      100%        9


Dungeon Overview and Level Annotations

Branches:
Dungeon (14/15)            Temple (1/1) D:4            Lair (5/5) D:10
 Shoals (4/4) Lair:3        Snake (2/4) Lair:3        Slime (0/5) Lair:5
    Orc (2/2) D:9             Elf (1/3) Orc:2        Vaults (0/5) D:14

Altars:
Ashenzari
Cheibriados
Dithmenos
Elyvilon
Gozag
Hepliaklqana
Kikubaaqudgha
Makhleb
Nemelex Xobeh
Okawaru
Qazlal
Ru
Sif Muna
Trog
Uskayaw
Vehumet
Wu Jian
Xom
Yredelemnul
Zin
The Shining One
Jiyva

Shops:
D:3 =*(![   D:5 (*   D:7 [   Orc:2 ?(:=   Lair:1 (*=   Snake:1 **

Annotations:
D:11 1 transporter


Innate Abilities, Weirdness & Mutations

You have razor-sharp teeth.
Your natural rate of healing is unusually fast.
When hurt, damage is shared between your health and your magic reserves.
Your bite disrupts and absorbs the magic of your enemies.
Potions cannot restore your health.
Your movements are slightly less encumbered by armour. (ER -2)


Message History

Unknown command.
You miss the angel. Your bite misses the angel.
The angel is almost dead.
The merfolk impaler hits you from afar with a +2 trident of protection!
* * * LOW HITPOINT WARNING * * *
Unknown command.
You completely miss the angel. Your bite misses the angel.
The angel is almost dead.
You feel sick. The angel completely misses you. The angel closely misses you.
The merfolk impaler hits you from afar with a +2 trident of protection.
* * * LOW HITPOINT WARNING * * *
The merfolk impaler hits you from afar with a +2 trident of protection!
* * * LOW HITPOINT WARNING * * *
You miss the angel. Your bite misses the angel.
The angel is almost dead.
The merfolk aquamancer hits you but does no damage.
The angel hits you with a +2 whip of holy wrath!
* * * LOW HITPOINT WARNING * * *
The angel hits you with a +2 whip of holy wrath.
* * * LOW HITPOINT WARNING * * *
The merfolk impaler hits you but does no damage.
Unknown command.
You closely miss the angel. Your bite misses the angel.
The angel is almost dead.
The merfolk aquamancer points at you and mumbles some strange words.
The ball of steam hits you. You resist.
* * * LOW HITPOINT WARNING * * *
The merfolk impaler barely misses you.
Unknown command.
Unknown command.
You hit the angel.
The angel is almost dead.
You feel sick.
The angel hits you with a +2 whip of holy wrath!
* * * LOW HITPOINT WARNING * * *
The angel hits you with a +2 whip of holy wrath!
* * * LOW HITPOINT WARNING * * *
The merfolk impaler hits you from afar with a +2 trident of protection!
You die...
Your body crumbles into a pile of gold.

≈≈~P~..P~..~P..~~.~≈≈≈≈≈≈≈≈≈#####
≈≈~......P.###..~~P~≈≈≈≈≈≈≈≈#
≈~.[..P..P...##~.~~~~≈≈≈≈≈≈≈##
≈~............##..~.~≈≈≈≈≈≈≈##
......P..P.....)..~~~≈≈≈≈≈≈≈###
~..................~~≈≈≈≈≈≈≈###
P.#......P...#####.~.≈≈≈≈≈≈≈###
.##.P......###...###..≈≈≈≈≈≈###
##.......P##~~§§@mm##~≈≈≈≈≈≈###
#.........#~~~8#mA.}#~~≈≈≈≈≈###
#........##....##.m.##~≈≈≈≈≈###
#.<.P.P..'....._#...φ#~≈≈≈≈≈###
#........##....##...##P≈≈≈≈≈###
#..?P.....#...8# ../#~~≈≈≈≈≈###
##....P...##.......##~≈≈≈≈≈≈###
.##.......[###...###..≈≈≈≈≈≈###
~.#..........#####.~~~≈≈≈≈≈≈###


You could see an angel (magic disrupted), 2 merfolk impalers and 2 merfolk
aquamancers.

Vanquished Creatures
  Vashnia (Snake:2)
  Nikola (Shoals:1)
  Rupert (D:14)
  A deep elf master archer (Elf:1)
  5 krakens
  Gastronok (Lair:3)
  Donald (Shoals:1)
  2 orc warlords (Orc:1)
  A deep elf sorcerer (Elf:1)
  A deep elf annihilator (Elf:1)
  Azrael (D:13)
  An entropy weaver (shapeshifter) (Elf:1)
  2 merfolk impalers
  Josephine (D:14)
  3 merfolk javelineers
  A vault guard (D:14)
  3 hydras
  Harold (Orc:1)
  An ogre mage (Orc:2)
  5 merfolk avatars
  An alligator snapping turtle (Shoals:2)
  A centaur warrior (Shoals:1)
  A death knight (D:14)
  6 merfolk aquamancers
  The ghost of zenocrate the Covert, a journeyman VSEn of Gozag (D:11)
  An alligator (Shoals:2)
  3 catoblepae (Lair:5)
  3 anacondas (Snake:1)
  2 two-headed ogres
  3 boulder beetles
  11 naga sharpshooters
  A satyr (Shoals:3)
  2 tengu warriors (D:14)
  20 death yaks
  An orc high priest (Orc:1)
  2 dancing weapons (Elf:1)
  10 naga warriors
  An occultist (D:11)
  4 shock serpents (Snake:1)
  3 deep elf knights
  A salamander mystic (Snake:2)
  8 sea snakes
  7 skysharks
  2 goliath frogs (Shoals:2)
  An obsidian statue (D:14)
  2 spriggan druids (Elf:1)
  A death drake (shapeshifter) (D:14)
  An arcanist (D:11)
  A lindwurm (Lair:4)
  8 harpies
  13 deep elf pyromancers
  19 deep elf zephyrmancers
  6 deep elf archers (Elf:1)
  23 manticores
  2 orc knights (Orc:1)
  15 orc sorcerers
  Maurice (Orc:1)
  6 salamanders
  6 cyclopes
  A wolf spider (Lair:5)
  6 elephants (Lair:3)
  3 meliai (D:13)
  10 merfolk sirens
  5 naga magi
  19 cane toads
  14 black mambas
  7 water nymphs
  5 gargoyles
  Jeremiah (D:6)
  2 rime drakes (Lair:3)
  A yaktaur (shapeshifter) (Elf:1)
  An unseen horror (D:12)
  4 kobold demonologists
  14 komodo dragons
  3 freezing wraiths (D:14)
  3 hornets
  5 trolls
  40 merfolk
  A queen bee (D:11)
  2 polar bears
  Prince Ribbit (Lair:2)
  A wind drake (Shoals:1)
  7 snapping turtles
  31 blink frogs
  21 dream sheep
  5 slime creatures
  10 water elementals
  9 wraiths
  68 yaks
  An air elemental (Elf:1)
  A vampire (D:9)
  3 shadows
  A wyvern (D:8)
  4 basilisks
  A fire bat (shapeshifter) (Elf:1)
  3 fire elementals
  3 wargs
  Grum (D:11)
  11 steam dragons
  7 vampire mosquitoes
  24 nagas
  2 acid dragons
  3 hell hounds (D:13)
  7 water moccasins
  14 orc warriors
  Duvessa (D:6)
  2 sky beasts (D:7)
  A black bear (Lair:1)
  3 ice beasts
  15 ogres
  7 wolves
  4 centaurs (D:7)
  3 kobold brigands
  19 bullfrogs
  5 scorpions
  Dowan (D:6)
  18 killer bees
  6 electric eels
  9 howler monkeys
  A jelly (D:4)
  6 gnoll boudas
  11 orc priests
  3 hounds
  5 iguanas
  Terence (D:3)
  A sleepcap (D:2)
  33 orc wizards
  5 hell rats (Lair:2)
  22 gnolls
  9 adders
  A shadow imp (D:7)
  An ufetubus (D:7)
  5 ribbon worms (D:2)
  41 orcs
  2 bats
  8 endoplasms
  4 giant cockroaches
  7 goblins
  10 hobgoblins
  8 jackals
  4 quokkas
  7 ball pythons
  4 frilled lizards
  20 kobolds
  A rat (D:1)
934 creatures vanquished.

Vanquished Creatures (collateral kills)
  A centaur (D:11)
1 creature vanquished.

Vanquished Creatures (others)
  A deep elf archer (Elf:1)
  A harpy (Shoals:2)
  An unseen horror (D:7)
  An orc wizard (Orc:2)
  An orc (Orc:1)
  14 tentacles (Shoals:1)
19 creatures vanquished.

Grand Total: 954 creatures vanquished

Notes
Turn   | Place    | Note
-------+----------+-------------------------------------------
     0 | D:1      | zenocrate the Vine Stalker Enchanter began the quest for
                  | the Orb.
     0 | D:1      | Reached XP level 1. HP: 9/9 MP: 4/4
    45 | D:1      | Reached skill level 1 in Short Blades
   144 | D:1      | Reached XP level 2. HP: 13/13 MP: 6/6
   343 | D:1      | Reached skill level 4 in Stealth
   390 | D:1      | Learned a level 2 spell: Ensorcelled Hibernation
   662 | D:1      | Reached XP level 3. HP: 11/16 MP: 3/7
   759 | D:1      | Learned a level 3 spell: Confusing Touch
  1323 | D:2      | Reached XP level 4. HP: 18/21 MP: 1/8
  1635 | D:2      | Reached skill level 1 in Ice Magic
  2005 | D:3      | Noticed Terence
  2014 | D:3      | Killed Terence
  2015 | D:3      | Reached XP level 5. HP: 13/24 MP: 1/9
  2072 | D:3      | Found Zorch's Distillery.
  2239 | D:3      | Found Atigus's Jewellery Shoppe.
  2283 | D:3      | Found Nyelumits's Weapon Shop.
  2356 | D:3      | Found Runorphuo's General Store.
  2494 | D:3      | Found Weewol's Armour Boutique.
  2554 | D:3      | Found a shimmering blue altar of Sif Muna.
  2573 | D:4      | Noticed an ogre
  2648 | D:3      | Reached XP level 6. HP: 28/28 MP: 2/10
  2744 | D:4      | Reached skill level 5 in Stealth
  2952 | D:4      | Reached XP level 7. HP: 32/32 MP: 8/11
  3375 | D:4      | Found a staircase to the Ecumenical Temple.
  3386 | Temple   | Entered the Ecumenical Temple
  3393 | Temple   | Became a worshipper of Gozag Ym Sagoz the Greedy
  3460 | D:3      | Bought a scroll of vulnerability for 44 gold pieces
  3460 | D:3      | Bought a scroll of identify for 22 gold pieces
  3466 | D:3      | Learned a level 3 spell: Tukima's Dance
  3493 | D:5      | Entered Level 5 of the Dungeon
  3622 | D:5      | Found Riaff's CLEARANCE SALE!.
  3729 | D:5      | Reached skill level 6 in Stealth
  3729 | D:5      | Gained mutation: You have razor-sharp teeth. [Vine Stalker
                  | growth]
  3729 | D:5      | Reached XP level 8. HP: 31/36 MP: 5/12
  4200 | D:5      | Found Idiraehy's Antique Weapon Boutique.
  4376 | D:6      | Reached skill level 5 in Hexes
  4460 | D:6      | Noticed Dowan
  4462 | D:6      | Noticed Duvessa
  4465 | D:6      | Killed Duvessa
  4477 | D:6      | Killed Dowan
  4488 | D:6      | Found a white marble altar of Elyvilon.
  4501 | D:6      | Reached skill level 5 in Short Blades
  4562 | D:6      | Noticed Jeremiah
  4587 | D:6      | Killed Jeremiah
  4588 | D:6      | Reached skill level 7 in Stealth
  4615 | D:6      | You fall into a shaft and drop 1 floor!
  4647 | D:7      | Reached XP level 9. HP: 39/39 MP: 13/13
  4773 | D:7      | Noticed a troll
  4782 | D:7      | Killed a troll
  4847 | D:7      | Reached skill level 8 in Stealth
  4857 | D:7      | Noticed a boulder beetle
  4857 | D:7      | Noticed a troll
  4857 | D:7      | Noticed a cyclops
  4865 | D:7      | Killed a troll
  4872 | D:7      | Killed an unseen horror
  4873 | D:7      | Reached skill level 5 in Dodging
  4907 | D:7      | Reached XP level 10. HP: 40/44 MP: 7/14
  4914 | D:7      | Killed a boulder beetle
  4915 | D:7      | Reached skill level 9 in Stealth
  4945 | D:7      | Killed a cyclops
  4972 | D:7      | Identified the +6 long sword of Exquisite Death {spect,
                  | rPois rC++ Str+2 Stlth+}
  5248 | D:7      | Found a bloodstained altar of Trog.
  5756 | D:3      | Bought the +2 helmet of the Nexus {Slay+2 SInv} for 375
                  | gold pieces
  5756 | D:3      | Bought the -2 hat of the Alchemist {rElec rPois rF+ rC+ rN+
                  | Will+ rMut rCorr} for 519 gold pieces
  5756 | D:3      | Found the -2 hat of the Alchemist {rElec rPois rF+ rC+ rN+
                  | Will+ rMut rCorr}
  5844 | D:7      | Found Peskacab's Antique Armour Shoppe.
  5931 | D:7      | Found an iron altar of Okawaru.
  6448 | D:3      | Bought a potion of cancellation for 80 gold pieces
  6863 | D:8      | Reached skill level 1 in Fighting
  7248 | D:8      | Learned a level 1 spell: Apportation
  7252 | D:8      | Learned a level 3 spell: Dazzling Flash
  7414 | D:9      | Reached skill level 10 in Stealth
  7418 | D:9      | Reached XP level 11. HP: 48/50 MP: 8/15
  7803 | D:9      | Found a staircase to the Orcish Mines.
  7883 | D:9      | Found a hazy altar of Hepliaklqana.
  8421 | D:5      | Bought a smoking rapier for 252 gold pieces
  8421 | D:5      | Identified the +7 rapier "Ompedyro" {venom, rPois rN+} (You
                  | bought it in a shop on level 5 of the Dungeon)
  8537 | D:3      | Bought a potion of haste for 100 gold pieces
  8537 | D:3      | Bought a potion of magic for 80 gold pieces
  8537 | D:3      | Bought a potion of invisibility for 80 gold pieces
  8537 | D:3      | Bought a potion of magic for 80 gold pieces
  8655 | D:10     | Entered Level 10 of the Dungeon
  8656 | D:10     | Noticed a two-headed ogre
  8663 | D:10     | Killed a two-headed ogre
  8786 | D:10     | Reached skill level 11 in Stealth
  8934 | D:10     | Found a staircase to the Lair.
  9087 | D:10     | Noticed a sun demon
  9090 | D:10     | Noticed a soul eater
  9101 | D:10     | Noticed a sixfirhy
  9191 | D:10     | Found a shadowy altar of Dithmenos.
  9294 | Lair:1   | Entered Level 1 of the Lair of Beasts
  9326 | D:10     | Reached XP level 12. HP: 58/58 MP: 10/16
  9885 | Lair:1   | Gained mutation: Your movements are slightly less
                  | encumbered by armour. (ER -2) [potion of mutation]
  9896 | Lair:1   | Noticed a skyshark
  9904 | Lair:1   | Killed a skyshark
 10111 | Lair:1   | Reached skill level 10 in Short Blades
 10118 | Lair:1   | Reached skill level 12 in Stealth
 10290 | Lair:1   | Reached skill level 5 in Fighting
 10379 | Lair:1   | You fall into a shaft and drop 1 floor!
 10385 | Lair:2   | Noticed Prince Ribbit
 10390 | Lair:2   | Killed Prince Ribbit
 10872 | D:3      | Bought a potion of resistance for 100 gold pieces
 10872 | D:3      | Bought 2 potions of mutation for 160 gold pieces
 10963 | D:7      | Bought a pair of runed gloves for 247 gold pieces
 10963 | D:7      | Bought a glowing leather armour for 165 gold pieces
 11363 | Lair:2   | Found a glowing golden altar of the Shining One.
 11509 | Lair:2   | Reached skill level 10 in Hexes
 11642 | Lair:2   | Reached XP level 13. HP: 65/65 MP: 17/17
 11891 | Lair:3   | Reached skill level 13 in Stealth
 11926 | Lair:3   | Reached skill level 1 in Evocations
 12085 | Lair:3   | Noticed Gastronok
 12166 | Lair:3   | Killed Gastronok
 12347 | Lair:3   | Found a staircase to the Snake Pit.
 12404 | Lair:3   | Found a staircase to the Shoals.
 12898 | Lair:3   | Got the Quarto of Snow
 12899 | Lair:3   | Identified the +1 robe "Porerekh" {Fly rF- Int-3 SInv}
 13170 | D:3      | Bought +1 swamp dragon scales for 684 gold pieces
 13416 | Lair:4   | Reached skill level 1 in Armour
 13429 | Lair:4   | Reached skill level 14 in Stealth
 13437 | Lair:4   | Reached XP level 14. HP: 64/72 MP: 2/18
 13623 | Lair:4   | Found a sacrificial altar of Ru.
 14753 | Lair:4   | Learned a level 3 spell: Swiftness
 14849 | Lair:1   | Bought a scroll of enchant weapon for 82 gold pieces
 14849 | Lair:1   | Bought a scroll of fear for 44 gold pieces
 14849 | Lair:1   | Bought a scroll of teleportation for 33 gold pieces
 14849 | Lair:1   | Bought a scroll of butterflies for 44 gold pieces
 14849 | Lair:1   | Bought a scroll of teleportation for 33 gold pieces
 14957 | Lair:5   | Entered Level 5 of the Lair of Beasts
 15189 | Lair:5   | Reached skill level 15 in Stealth
 15309 | Lair:5   | Reached skill level 10 in Dodging
 15456 | Lair:5   | Reached XP level 15. HP: 76/76 MP: 19/19
 15462 | Lair:5   | Identified the +0 robe "Bemp" {Int+5 Stlth+}
 15827 | Lair:5   | Found a viscous altar of Jiyva.
 15828 | Lair:5   | Found a staircase to the Slime Pits.
 16132 | Lair:1   | Bought a scroll labelled FUEM JIFEGGEO for 23 gold pieces
 16132 | Lair:1   | Bought a scroll of identify for 46 gold pieces
 16132 | Lair:1   | Bought a scroll of teleportation for 69 gold pieces
 16132 | Lair:1   | Bought a scroll of enchant armour for 172 gold pieces
 16242 | Orc:1    | Entered Level 1 of the Orcish Mines
 16257 | Orc:1    | Noticed Harold
 16267 | Orc:1    | Killed Harold
 16452 | Orc:1    | Noticed an orc warlord
 16472 | Orc:1    | Killed an orc warlord
 16519 | Orc:1    | Noticed an orc warlord
 16541 | Orc:1    | Killed an orc warlord
 16987 | Orc:1    | Noticed Maurice
 17000 | Orc:1    | Killed Maurice
 17134 | Orc:2    | Entered Level 2 of the Orcish Mines
 17183 | Orc:2    | Found a staircase to the Elven Halls.
 17410 | Orc:2    | Found Jonuakloig's Jewellery Shop.
 17532 | Orc:2    | Found a radiant altar of Vehumet.
 17535 | Orc:2    | Found Poadghiq's Antique Weapon Boutique.
 17580 | Orc:2    | Paralysed by an orc sorcerer for 4 turns
 17589 | Orc:2    | Reached skill level 16 in Stealth
 17642 | Orc:2    | Paralysed by an orc sorcerer for 3 turns
 17654 | Orc:2    | Found Marghes's Magic Scroll Shop.
 17702 | Orc:2    | Found an ancient bone altar of Kikubaaqudgha.
 17723 | Orc:2    | Found Neurhem's Book Boutique.
 17741 | Orc:2    | Bought a scroll of blinking for 105 gold pieces
 17741 | Orc:2    | Bought a scroll of enchant armour for 105 gold pieces
 17741 | Orc:2    | Bought a scroll of identify for 28 gold pieces
 18307 | Lair:1   | Bought a lightning rod (4/4) for 920 gold pieces
 18395 | Shoals:1 | Entered Level 1 of the Shoals
 18617 | Shoals:1 | Noticed a kraken
 18627 | Shoals:1 | Killed a kraken
 18637 | Shoals:1 | Noticed a kraken
 18643 | Shoals:1 | Noticed a kraken
 18841 | Shoals:1 | Found a glacial archway.
 18950 | Shoals:1 | Reached skill level 5 in Evocations
 18987 | Shoals:1 | Noticed Nikola
 19004 | Shoals:1 | Killed Nikola
 19128 | Shoals:1 | Noticed Donald
 19135 | Shoals:1 | Killed Donald
 19136 | Shoals:1 | Reached XP level 16. HP: 81/81 MP: 20/20
 19363 | Shoals:1 | Killed a kraken
 19411 | Shoals:1 | Noticed a kraken
 19422 | Shoals:1 | Killed a kraken
 19528 | Shoals:1 | Killed a kraken
 19824 | Shoals:1 | Identified the +1 broad axe "Gram" {spect, Str+3}
 19825 | Shoals:1 | Identified the +8 dagger of Sin {freeze, Dex+4}
 20064 | Lair:1   | Bought a sack of spiders for 920 gold pieces
 20150 | Snake:1  | Entered Level 1 of the Snake Pit
 20227 | Snake:1  | Identified the +7 glaive "Mesch" {antimagic, *Slow rC-
                  | Dex+8 SInv}
 20305 | Snake:1  | Reached skill level 17 in Stealth
 20842 | Snake:1  | Found Vechoh's Assorted Antiques.
 20847 | Snake:1  | Found Dyteafo's Assorted Antiques.
 20849 | Snake:1  | Bought a potion of mutation for 304 gold pieces
 20855 | Snake:1  | Bought a scroll labelled KUBUHO NOWASS for 41 gold pieces
 21413 | D:11     | Noticed Grum
 21428 | D:11     | Killed Grum
 21549 | D:11     | Noticed zenocrate's ghost (journeyman VSEn)
 21590 | D:11     | Found a transporter.
 21594 | D:11     | Found a transporter.
 21869 | D:11     | Got the Notes on Silt and the Mausoleum
 22417 | Shoals:2 | Identified the +4 orcbow of Paerafeo {flame, rF+ Dex+3}
 22869 | Shoals:2 | Noticed a kraken
 22882 | Shoals:2 | Killed a kraken
 23020 | Shoals:2 | Reached XP level 17. HP: 85/85 MP: 21/21
 23659 | Elf:1    | Entered Level 1 of the Elven Halls
 24246 | Elf:1    | Found a huge runed translucent gate.
 24251 | Elf:1    | Found a huge runed translucent gate.
 24251 | Elf:1    | Found a huge runed translucent gate.
 24256 | Elf:1    | Found a huge runed translucent gate.
 24256 | Elf:1    | Found a huge runed translucent gate.
 24256 | Elf:1    | Found a huge runed translucent gate.
 24340 | Elf:1    | Found a huge runed translucent gate.
 24341 | Elf:1    | Found a huge runed translucent gate.
 24342 | Elf:1    | Found a huge runed translucent gate.
 24342 | Elf:1    | Found a huge runed translucent gate.
 24343 | Elf:1    | Found a huge runed translucent gate.
 24344 | Elf:1    | Found a huge runed translucent gate.
 24344 | Elf:1    | Found a huge runed translucent gate.
 24345 | Elf:1    | Found a huge runed translucent gate.
 24345 | Elf:1    | Found a huge runed translucent gate.
 24345 | Elf:1    | Found a huge runed translucent gate.
 24345 | Elf:1    | Found a huge runed translucent gate.
 24345 | Elf:1    | Found a huge runed translucent gate.
 24347 | Elf:1    | Found a huge runed translucent gate.
 24347 | Elf:1    | Found a huge runed translucent gate.
 24350 | Elf:1    | Noticed a deep elf master archer
 24518 | Elf:1    | Reached skill level 18 in Stealth
 26950 | Snake:2  | Noticed Vashnia
 27141 | Snake:2  | Killed Vashnia
 27884 | D:13     | Noticed Azrael
 27902 | D:13     | Killed Azrael
 28690 | D:14     | Noticed Josephine
 28718 | D:14     | Killed Josephine
 28722 | D:14     | Reached XP level 18. HP: 93/93 MP: 22/22
 28734 | D:14     | Learned a level 4 spell: Passage of Golubria
 28812 | D:14     | Found a gate to the Vaults.
 28861 | D:14     | Noticed Rupert
 28863 | D:14     | Paralysed by Rupert for 5 turns
 28870 | D:14     | Killed Rupert
 29710 | D:11     | Killed zenocrate's ghost
 29720 | D:11     | Reached skill level 1 in Translocations
 30252 | Elf:1    | Killed a deep elf master archer
 30474 | Elf:1    | Reached skill level 15 in Hexes
 30714 | Elf:1    | Reached skill level 19 in Stealth
 30967 | Elf:1    | Reached skill level 10 in Fighting
 31494 | Shoals:4 | Entered Level 4 of the Shoals
 32356 | Shoals:4 | Found a glowing silver altar of Zin.
 32537 | Shoals:4 | Found a glowing golden altar of the Shining One.
 32565 | Shoals:4 | HP: 2/139 [angel/+2 whip of holy wrath (7)]
 32565 | Shoals:4 | Mangled by a merfolk impaler

Illustrated notes

Levels and vault maps discovered:
D:1:      dpeg_arrival_water_temple_mockup, layout_basic,
          minmay_tree_intersection, ebering_dispersal_statue_hall
D:2:      layout_loops_ring, minmay_quadrilaterals
D:3:      layout_rooms, lemuel_blue_sif_altar, serial_shops,
          nicolae_shop_hallway_plus, nicolae_shop_pleasant_corner_grove, shop,
          nicolae_shop_advertising_works [nicolae_subvault_shop_adworks], shop,
          uniq_terence
D:4:      layout_rooms, temple_hall
D:5:      layout_loops_ring, serial_shops, nicolae_shop_tiny_glass,
          nicolae_shop_clearance
D:6:      layout_gridville, nicolae_elyvilon_peaceful_grove,
          chequers_serial_rivers_small_b, dk_noncrumbling_2, uniq_duvessa,
          uniq_jeremiah
D:7:      minmay_the_grid_octo_tiled_octocenter [minmay_the_grid_octo_clover_2,
          minmay_the_grid_octo_vomiting_pacman, minmay_the_grid_octo_chip,
          minmay_the_grid_octo_77, minmay_the_grid_octo_prize_big_c,
          minmay_the_grid_square_5x5_spiral_small,
          minmay_the_grid_square_5x5_bracketed,
          minmay_the_grid_square_5x5_spiral,
          minmay_the_grid_square_5x5_checkered_sparse], layout_basic,
          mainiacjoe_overflow_catwalk, mainiacjoe_overflow_surrounded_room,
          serial_bayou, serial_bayou_pond_b, serial_bayou_pond_c,
          serial_bayou_pond_c, serial_shops, nicolae_shop_tiny_real_fake_doors
D:8:      layout_gridville, nicolae_overflow_hidden_temple
D:9:      minmay_chambers_of_sixes, layout_cave_pods, pf_just_have_faith,
          minmay_orc_entry_temple_small
D:10:     layout_roguey, lemuel_tele_altar, dpeg_oklobed_lair
D:11:     cheibrodos_lost_city_excavation, layout_rooms, gammafunk_ghost_hive,
          uniq_grum
D:12:     layout_loops_ring
D:13:     layout_roguey, kennysheep_generic_room_15, uniq_azrael
D:14:     layout_irregular_city, david_vaults_5,
          hangedman_abyss_or_decor_passed, minmay_door_square,
          minmay_statue_bubble, uniq_josephine, uniq_rupert
Temple:   hellmonk_temple_two_chambers
Lair:1:   layout_cave_pods, serial_bayou_shore_a
Lair:2:   layout_roguey, basic_altar, uniq_prince_ribbit2
Lair:3:   layout_chaotic_city, minmay_shoals_entry_beasts,
          guppyfry_snake_entry_garden, bobbens_dragon_lair_wall, uniq_gastronok
Lair:4:   layout_hall_layers, basic_altar, beast_lair_carwin_1,
          grunt_megastairs_5
Lair:5:   evilmike_catoblepas_cave, layout_regular_city, slime_entry_2
Shoals:1: nicolae_shoals_lighthouse, layout_shoals,
          portal_ice_cave_entry_pillars_four, uniq_donald, uniq_nikola
Shoals:2: layout_shoals, nicolae_shoals_goliath_grotto
Shoals:3: layout_shoals
Shoals:4: shoals_end_hellmonk_holy_island
Snake:1:  layout_gridlike, minmay_shoptagon
Snake:2:  layout_gridlike, uniq_vashnia
Orc:1:    layout_caves, elf_legates, uniq_maurice, uniq_harold
Orc:2:    kennysheep_orc_mage_school, layout_diamond_mine
Elf:1:    eino_elf_arrival_sip, layout_loops_corners, hangedman_elf_represent,
          kilobyte_rumbling_trees

Skill      XL: |  1  2  3  4  5  6  7  8  9 10 11 12 13 14 15 16 17 18 |
---------------+-------------------------------------------------------+-----
Short Blades   | 1 2 3 4 5 7 8 9 10 11 12 13 14 | 14.8
Stealth        | 4 5 6 7 8 10 11 12 14 15 16 17 18 19 | 19.1
Dodging        | 2 3 4 5 6 7 8 9 10 11 12 | 12.8
Ice Magic      | 1 2 3 4 |  4.5
Hexes          | 4 5 6 7 9 10 11 12 13 14 15 | 15.1
Fighting       | 1 4 6 7 8 9 10 | 10.1
Evocations     | 3 5 6 |  6.8
Armour         | 1 3 4 |  4.2
Translocations | 2 |  2.8
Spellcasting   | 3 |  3.6

Action                     |  1- 3 |  4- 6 |  7- 9 | 10-12 | 13-15 | 16-18 || total
---------------------------+-------+-------+-------+-------+-------+-------++-------
  Melee: Dagger            |   102 |    64 |   164 |   222 |       |       ||   552
         Bite              |    26 |    18 |    47 |   122 |   255 |   340 ||   808
         Punch             |     2 |     1 |     3 |       |       |       ||     6
         Rapier            |       |       |       |   213 |   693 |   945 ||  1851
  Throw: Dart              |       |       |       |       |     1 |       ||     1
   Cast: Ensorcelled Hiber |     3 |    16 |    49 |   128 |   205 |   234 ||   635
         Confusing Touch   |     1 |       |     3 |     5 |     9 |    17 ||    35
         Tukima's Dance    |       |       |       |       |       |     3 ||     3
 Invoke: Call Merchant     |       |       |       |       |     2 |     2 ||     4
  Evoke: Wand              |       |       |       |     7 |     5 |       ||    12
    Use: Scroll            |       |     1 |     7 |    13 |    11 |    19 ||    51
         Potion            |       |       |       |     2 |     6 |     5 ||    13
   Stab: Sleeping          |    13 |    17 |    39 |   121 |   171 |   221 ||   582
         Confused          |     1 |       |     2 |     3 |     7 |    13 ||    26
         Distracted        |       |       |       |     2 |    14 |     7 ||    23
         Fleeing           |       |       |       |       |       |     1 ||     1
 Armour: Robe              |    39 |    21 |    88 |   212 |       |       ||   360
         Leather armour    |       |       |       |    23 |    74 |       ||    97
         Swamp dragon scal |       |       |       |       |   323 |   497 ||   820
  Dodge: Dodged            |    51 |    29 |   105 |   324 |   475 |   737 ||  1721
